 Dungeon Crawl Stone Soup version 0.29.1-1-gd02db6906a (webtiles) character file.

Game seed: 6623662572183475723

33 Chimkentus the Scratcher (level 3, -1/15 HPs)
             Began as a Felid Transmuter on Oct 16, 2022.
             Slain by a gnoll
             ... wielding a +0 halberd
              (2 damage)
             ... on level 2 of the Dungeon.
             The game lasted 00:06:54 (1591 turns).

Chimkentus the Scratcher (Felid Transmuter)         Turns: 1591, Time: 00:06:54

Health: -1/15      AC:  2    Str:  8    XL:     3   Next: 12%
Magic:  1/7        EV: 20    Int: 14    God:
Gold:   97         SH:  0    Dex: 21    Spells: 0/6 levels left
                                        Lives:  0   Deaths: 0

rFire   . . .      SeeInvis +     - Unarmed
rCold   . . .      Faith    .   (shield unavailable)
rNeg    . . .      Spirit   .   (body armour unavailable)
rPois   x          Reflect  .   (helmet unavailable)
rElec   .          Harm     .   (cloak unavailable)
rCorr   .          Rampage  .   (gloves unavailable)
Will    .....                   (boots unavailable)
Stlth   ++........              (no amulet)
HPRegen 0.05/turn               (no ring)
MPRegen 0.10/turn               (no ring)

@: spider-form (expiring), very slightly contaminated
A: venomous fangs, tiny, (claws 1), (fangs 3), see invisible, (speed 1), (shaggy
fur 1), (stealthy paws), no weapons or thrown items, no armour, multi-lived
a: End Transformation


You were on level 2 of the Dungeon.
You were a venomous arachnid creature.
You visited 1 branch of the dungeon, and saw 2 of its levels.

You collected 97 gold pieces.

Inventory:

Scrolls
 b - 2 scrolls of amnesia {unknown}
 e - 2 scrolls of immolation
 f - a scroll of teleportation {unknown}
 h - 2 scrolls of identify {unknown}
 j - a scroll of silence {unknown}
 k - a scroll of fog {unknown}
Potions
 a - 2 potions of lignification
 c - a potion of invisibility {unknown}
 d - a potion of mutation {unknown}
 g - 2 potions of heal wounds {unknown}
 i - a potion of curing {unknown}


   Skills:
 * Level 1.3 Fighting
 + Level 2.8 Dodging
 + Level 3.4 Unarmed Combat
 + Level 2.2 Spellcasting
 * Level 3.0 Transmutations


You couldn't memorise any spells.
You knew the following spells:

 Your Spells              Type           Power      Damage    Failure   Level
a - Beastly Appendage     Tmut           20%        N/A       19%         1
b - Wereblood             Tmut           10%        N/A       24%         2
c - Spider Form           Tmut/Pois      5%         N/A       58%         3

Your spell library contained the following spells:

 Spells                   Type           Power      Damage    Failure   Level
 Gell's Gravitas          Tloc           1%         N/A       77%         3
 Lesser Beckoning         Tloc           1%         N/A       77%         3
 Teleport Other           Tloc           1%         N/A       77%         3
 Ice Form                 Ice/Tmut       5%         N/A       90%         4
 Airstrike                Air            0%         2d(1-17)  98%         4
 Summon Lightning Spire   Summ/Air       1%         N/A       98%         4
 Lightning Bolt           Conj/Air       0%         1d11      100%        5


Dungeon Overview and Level Annotations

Branches:
Dungeon (2/15)

Altars:

Shops:
D:2 [


Innate Abilities, Weirdness & Mutations

You are a venomous arachnid creature.
You have poisonous fangs.
You are tiny and dextrous.
Your spellcasting is less reliable in this form.
((You have sharp claws.))
((You have razor-sharp teeth.))
You have supernaturally acute eyesight. (SInv)
((You cover ground quickly. (Speed+)))
((You are covered in fur. (AC +1)))
((Your paws help you pounce on unaware monsters.))
You are incapable of wielding weapons or throwing items.
You cannot wear armour.
You gain extra lives every three experience levels.


Message History

i - a yellow potion Your horns disappear.
a - 2 potions of lignification (gained 1)
Found 5 stones.
h - 2 scrolls labelled PIABOM FOAWK (gained 1)
You see here 5 stones.
j - a scroll labelled YLY MONAMUAKHLO
Found a stone staircase leading down.
You now have 97 gold pieces (gained 15).
k - a scroll labelled PANEX ZAEC You open the door.
Found Renawn's Antique Armour Emporium.
There is an open door here.
There is an entrance to Renawn's Antique Armour Emporium here.
You open the door.
A gnoll comes into view. It is wielding a +0 spear.
The gnoll shouts!
A gnoll comes into view. It is wielding a +0 halberd.
A gnoll comes into view. It is wielding a +0 club.
There is an open door here.
The gnoll shouts!
You see here 5 stones.
Casting: Beastly Appendage (safe; 7% risk of failure)
Confirm with . or Enter, or press ? or * to list all spells.
The spell is astonishingly dangerous to miscast (36% risk of failure)!
Continue anyway?
You miscast Spider Form.
You are very lightly contaminated with residual magic.
Nothing appears to happen.
Casting: Spider Form (astonishingly dangerous; 36% risk of failure)
Confirm with . or Enter, or press ? or * to list all spells.
The spell is astonishingly dangerous to miscast (36% risk of failure)!
Continue anyway?
You turn into a venomous arachnid creature.
Your transformation is almost over.
A gnoll comes into view. It is wielding a +0 flail.
The gnoll closely misses you. The gnoll hits you with a +0 halberd!
Ouch! That really hurt!
* * * LOW HITPOINT WARNING * * *
The gnoll attacks as you move away! The gnoll hits you with a +0 halberd.
You die...

########.........###.############
#...............................g
#.####.#########.##..############
...# #.# #.##..# #### #..###.#
###.##..#########... .......####
#......(g...........
...##.....####.###.g.............
......(.........##.#.####.###.#..
)#..#...........sgg#.# #.# #.##.
#..)#.#...#..........# #.# #.# .
##..#...#.###.#.#.>.## #.# #.##.
##.#..#...#........# #.# #.#..
##...#.....#.#....#####.# #.#.#
##.#)##..#.#.............# #.#.#
##....#...._..#.+.#.####### #.#.#
#.###..#....##.#..#.##### #.#.#
.#............[#..#.....# ##.#<#


You could see 4 gnolls.

Vanquished Creatures
  2 dart slugs
  3 endoplasms (D:1)
  2 giant cockroaches (D:1)
  3 goblins
  A hobgoblin (D:1)
  7 kobolds
  3 bats (D:1)
  6 frilled lizards (D:1)
  3 rats
30 creatures vanquished.

Notes
Turn   | Place    | Note
-------+----------+-------------------------------------------
     0 | D:1      | Chimkentus the Felid Transmuter began the quest for the
                  | Orb.
     0 | D:1      | Reached XP level 1. HP: 9/9 MP: 4/4
   379 | D:1      | Reached XP level 2. HP: 12/12 MP: 4/6
   386 | D:1      | Learned a level 2 spell: Wereblood
  1176 | D:2      | Reached XP level 3. HP: 9/15 MP: 5/7
  1292 | D:2      | Learned a level 3 spell: Spider Form
  1376 | D:2      | Found a faded altar of an unknown god.
  1542 | D:2      | Found Renawn's Antique Armour Emporium.
  1591 | D:2      | Slain by a gnoll

Illustrated notes

Levels and vault maps discovered:
D:1:      psy_arrival_statuary, layout_basic, st_stairs_6,
          minmay_misc_feat_rugged
D:2:      layout_loops_ring, serial_shops, nicolae_shop_behind_doors,
          nicolae_shop_stone, shop, hellmonk_ecumenical_altar_blasted,
          kennysheep_generic_room_8

Skill      XL: |  1  2  3 |
---------------+----------+-----
Transmutations | 3 |  3.0
Fighting       | |  1.3
Dodging        | |  2.8
Unarmed Combat | |  3.4
Spellcasting   | |  2.2

Action                   || total
-------------------------++-------
Melee: Unarmed           ||    66
       Bite              ||     3
       Headbutt          ||    10
       Punch             ||     2
 Cast: Beastly Appendage ||    19
       Wereblood         ||     2
       Spider Form       ||     1
 Stab: Sleeping          ||     2
Armor: Skin              ||     2
Dodge: Dodged            ||    40
